 Dungeon Crawl Stone Soup version 0.28-b1-25-g9875b3fc8c (webtiles) character file.

Game seed: 13187322020675134798

2375 unlimited1921 the Chopper (level 9, -14/75 HPs)
             Began as a Minotaur Fighter on Feb 1, 2022.
             Was an Initiate of Cheibriados.
             Killed from afar by a steam dragon (19 damage)
             ... with a ball of steam
             ... on level 8 of the Dungeon.
             The game lasted 00:25:36 (9151 turns).

unlimited1921 the Chopper (Minotaur Fighter)        Turns: 9151, Time: 00:25:37

Health: -14/75     AC: 11    Str: 24    XL:     9   Next: 21%
Magic:  8/8        EV:  9    Int:  6    God:    Cheibriados [......]
Gold:   561        SH: 10    Dex: 13    Spells: 8/8 levels left

rFire   . . .      SeeInvis .   v - +3 mace (protect)
rCold   + . .      Faith    .   c - +0 buckler
rNeg    . . .      Spirit   .   T - +0 chain mail {rC+}
rPois   .          Reflect  +   (helmet restricted)
rElec   .          Harm     .   g - scarf {+Inv}
rCorr   .          Rampage  .   (no gloves)
Will    .....                   w - +0 pair of boots
Stlth   ..........              x - amulet of reflection
HPRegen 0.22/turn               (no ring)
MPRegen 0.11/turn               (no ring)

@: very slow
A: horns 2, retaliatory headbutt
a: Renounce Religion, Evoke Invisibility


You were on level 8 of the Dungeon.
You worshipped Cheibriados.
Cheibriados was noncommittal.
You visited 2 branches of the dungeon, and saw 9 of its levels.

You collected 561 gold pieces.

Inventory:

Hand Weapons
 a - a +0 war axe
 l - a +2 dagger of venom
 n - a +0 long sword
 r - a +0 hunting sling
 v - a +3 mace of protection (weapon)
 y - a +0 hand crossbow
 D - a +2 whip of pain
 E - a +2 spear of venom
 G - a +0 shortbow
 R - a +1 rapier of venom
Missiles
 j - 172 arrows
 k - 2 bolts
 o - 139 stones
 p - 55 sling bullets
 z - 17 poisoned darts
 F - 4 boomerangs (quivered)
 I - 2 throwing nets
Armour
 c - a +0 buckler (worn)
 g - a scarf of invisibility (worn)
 h - a +3 ring mail of fire resistance
 w - a +0 pair of boots (worn)
 T - a +0 chain mail of cold resistance (worn)
Jewellery
 x - an amulet of reflection (around neck)
 B - a ring of fire
 N - an amulet of faith
Wands
 e - a wand of iceblast (4)
 Q - a wand of paralysis (5)
Scrolls
 b - a scroll of fog {unknown}
 d - a scroll of teleportation {unknown}
 f - a scroll of amnesia
 u - 4 scrolls of identify {unknown}
 C - a scroll of immolation {unknown}
 H - a scroll of vulnerability {unknown}
 K - 2 scrolls of brand weapon {unknown}
 L - 4 scrolls of magic mapping {unknown}
 M - a scroll of blinking {unknown}
 P - a scroll of torment {unknown}
 U - a scroll of silence {unknown}
 V - a scroll of holy word {unknown}
Potions
 i - a potion of haste {unknown}
 m - a potion of attraction {unknown}
 q - a potion of degeneration {unknown}
 s - 3 potions of might
 t - a potion of lignification {unknown}
 A - 2 potions of berserk rage {unknown}
 J - a potion of heal wounds {unknown}
 S - a potion of cancellation {unknown}


   Skills:
 * Level 5.9 Fighting
 * Level 7.9(8.0) Axes
 + Level 1.9(5.3) Maces & Flails
 + Level 0.1(4.8) Polearms
 + Level 5.3 Crossbows
 + Level 1.2 Throwing
 * Level 6.0 Armour
 * Level 4.7 Dodging
 + Level 2.0 Stealth
 * Level 6.7 Shields


You had 8 spell levels left.
You didn't know any spells.
Your spell library contained the following spells:

 Spells                   Type           Power      Damage    Failure   Level
 Magic Dart               Conj           0%         1d3       99%         1
 Summon Small Mammal      Summ           0%         N/A       99%         1
 Searing Ray              Conj           0%         2d4       99%         2
 Static Discharge         Conj/Air       0%         N/A       99%         2
 Call Canine Familiar     Summ           0%         N/A       100%        3
 Summon Guardian Golem    Hex/Summ       0%         N/A       100%        3
 Tukima's Dance           Hex            0%         N/A       100%        3
 Dispel Undead            Necr           0%         3d6       100%        4
 Fulminant Prism          Conj/Hex       0%         3d6       100%        4
 Passage of Golubria      Tloc           0%         N/A       100%        4
 Sticky Flame             Conj/Fire      0%         2d3       100%        4
 Yara's Violent Unravell  Hex/Tmut       0%         3d3       100%        5


Dungeon Overview and Level Annotations

Branches:
Dungeon (8/15)             Temple (1/1) D:7
   Lair: D:8-11

Altars:
Ashenzari
Cheibriados
Dithmenos
Elyvilon
Fedhas
Gozag
Hepliaklqana
Kikubaaqudgha
Makhleb
Nemelex Xobeh
Qazlal
Sif Muna
Trog
Uskayaw
Wu Jian
Xom
Yredelemnul
Zin

Shops:
D:6 *


Innate Abilities, Weirdness & Mutations

You have a pair of horns on your head.
You reflexively headbutt those who attack you in melee.


Message History

a bolt; a +0 falchion Throw: 4 boomerangs
Press: ? - help, Q - select action, (/) - cycle Shift-Dir - straight line, p - steam dragon You throw a boomerang.
You block the steam dragon's attack. The steam dragon barely misses you.
The kobold hits you but does no damage. The steam dragon breathes steam at you.
The ball of steam hits you!
* * * LOW HITPOINT WARNING * * *
The kobold hits you but does no damage. You block the steam dragon's attack.
The steam dragon claws you but does no damage.
Things that are here:
a +0 short sword; a +0 short sword You block the steam dragon's attack.
The steam dragon claws you.
* * * LOW HITPOINT WARNING * * *
The steam dragon breathes steam at you. The ball of steam misses you.
You feel better. The steam dragon barely misses you. x2
You block the steam dragon's attack.
The steam dragon claws you but does no damage.
Found a grey potion.
The steam dragon breathes steam at you. The ball of steam hits you!!
* * * LOW HITPOINT WARNING * * *
You feel better.
You are engulfed in a cloud of scalding steam.
* * * LOW HITPOINT WARNING * * *
The steam dragon closely misses you. You block the steam dragon's attack.
Your +3 mace of protection hums with potential!
v - a +3 mace of protection (weapon)
You are engulfed in a cloud of scalding steam.
* * * LOW HITPOINT WARNING * * *
Really walk into that cloud of steam? [Y]es or [N]o only, please.
Really walk into that cloud of steam?
Okay, then.
The steam dragon breathes steam at you. The ball of steam hits you!!
You die...

###.## #....# #.##
#....# !.. #....# ..#
#....######..#
#######...........(#
.#
......'..........>.#
.##
....###.....###..#.#
.(## ###.#
#......##ยง@#.# ...
#.# ######.##.D#.# K.
#.# #......##.K#(# (#
#.#
#......##..#(##)#####
#.#
#......##...)((...(.#
#.#
#......##.##.##.....#
#.# #.......#.##.#
###### #.#
#.....#.#.##.#
#.....#.#.##.#


You could see a steam dragon (catching breath) and a kobold.

Vanquished Creatures
  A water moccasin (D:6)
  Duvessa (D:7)
  2 necrophages
  An ice beast (D:7)
  2 sky beasts
  2 black bears
  2 centaurs
  A kobold brigand (D:8)
  A bullfrog (D:7)
  3 scorpions
  Dowan (D:7)
  3 killer bees (D:6)
  3 centaur zombies
  2 hounds
  4 jellies
  2 centaur skeletons
  2 orc priests
  4 bullfrog skeletons
  2 iguanas
  3 orc wizards
  10 gnolls
  8 adders
  A white imp (D:7)
  A worm (D:2)
  2 dart slugs (D:3)
  8 orcs
  8 endoplasms
  3 giant cockroaches
  6 goblins
  6 hobgoblins
  6 quokkas
  11 ball pythons
  6 bats
  3 frilled lizards
  11 kobolds
  7 rats
139 creatures vanquished.

Notes
Turn   | Place    | Note
-------+----------+-------------------------------------------
     0 | D:1      | unlimited1921 the Minotaur Fighter began the quest for the
                  | Orb.
     0 | D:1      | Reached XP level 1. HP: 19/19 MP: 0/0
   353 | D:1      | Reached XP level 2. HP: 27/27 MP: 1/1
  1197 | D:2      | Reached skill level 3 in Axes
  1329 | D:2      | Reached XP level 3. HP: 33/33 MP: 2/2
  1522 | D:2      | Reached XP level 4. HP: 40/40 MP: 3/3
  1966 | D:3      | Found a broken altar of Ashenzari.
  2005 | D:3      | Reached skill level 4 in Axes
  2005 | D:3      | Reached skill level 1 in Dodging
  2106 | D:3      | Noticed a scorpion
  2111 | D:3      | Killed a scorpion
  2112 | D:3      | Reached XP level 5. HP: 31/47 MP: 4/4
  2861 | D:4      | Noticed a necrophage
  2861 | D:4      | Found a blossoming altar of Fedhas.
  2872 | D:4      | Killed a necrophage
  2873 | D:4      | Reached skill level 5 in Axes
  2970 | D:4      | Found a glowing silver altar of Zin.
  2991 | D:4      | Reached XP level 6. HP: 53/53 MP: 5/5
  3206 | D:4      | Reached skill level 6 in Axes
  3491 | D:4      | Reached skill level 1 in Throwing
  3497 | D:4      | Reached skill level 1 in Stealth
  3629 | D:4      | Reached skill level 5 in Armour
  3662 | D:4      | Reached XP level 7. HP: 60/60 MP: 6/6
  3874 | D:5      | Entered Level 5 of the Dungeon
  3938 | D:5      | Reached skill level 1 in Crossbows
  4438 | D:5      | Reached skill level 7 in Axes
  4716 | D:5      | Reached skill level 5 in Fighting
  4921 | D:5      | Found a basalt altar of Yredelemnul.
  4922 | D:5      | Found a hazy altar of Hepliaklqana.
  5377 | D:5      | Reached skill level 5 in Shields
  5377 | D:5      | Reached XP level 8. HP: 68/68 MP: 7/7
  6207 | D:6      | Found Ykhi Zel's Serpentskin Sales.
  7219 | D:7      | Found a staircase to the Ecumenical Temple.
  7341 | Temple   | Entered the Ecumenical Temple
  7580 | Temple   | Became a worshipper of Cheibriados the Contemplative
  7957 | D:7      | Reached skill level 1 in Maces & Flails
  7957 | D:7      | Reached XP level 9. HP: 72/75 MP: 8/8
  8229 | D:7      | Noticed Duvessa
  8230 | D:7      | Noticed Dowan
  8237 | D:7      | Killed Duvessa
  8242 | D:7      | Killed Dowan
  8658 | D:7      | Reached skill level 5 in Crossbows
  9151 | D:8      | Killed from afar by a steam dragon

Illustrated notes

Levels and vault maps discovered:
D:1:      dpeg_arrival_ratfight, layout_rooms
D:2:      layout_loops_ring, minivault_4, minmay_tetromino_l2
D:3:      layout_basic, evilmike_ruin_ashenzari, minmay_crystal_room
D:4:      layout_cave_pools, fedhas_altar_3, mainiacjoe_overflow_alcove_1,
          saegor_snake_ambush
D:5:      layout_basic, mainiacjoe_overflow_catwalk_spiral
D:6:      layout_loops_ring, guppyfry_shop_venom
D:7:      layout_rooms, minmay_temple_entry_offerings, serial_co_window_serial,
          co_window_paths_b, co_window_of_opportunity_a, co_window_paths_a,
          co_window_paths_a, co_window_corner_a, co_window_corner_b,
          co_window_broadway_a, co_window_2corner, co_window_4corner_a,
          co_window_4corner_b, glass_columns_a, glass_columns_a,
          glass_columns_b, uniq_duvessa
D:8:      layout_basic, corexii_leaking_fountain
Temple:   nicolae_temple_figure_eight

Skill      XL: |  1  2  3  4  5  6  7  8  9 |
---------------+----------------------------+-----
Armour         | 4 5 6 |  6.0
Axes           | 3 4 5 6 7 |  7.9
Fighting       | 4 5 |  5.9
Shields        | 4 5 6 |  6.7
Dodging        | 1 2 4 |  4.7
Throwing       | 1 |  1.2
Stealth        | 1 2 |  2.0
Crossbows      | 3 4 5 |  5.3
Maces & Flails | 1 |  1.9
Polearms       | |  0.1

Action                   |  1- 3 |  4- 6 |  7- 9 || total
-------------------------+-------+-------+-------++-------
Melee: War axe           |    61 |    89 |       ||   150
       Headbutt          |     8 |    12 |     1 ||    21
       Spear             |       |       |     1 ||     1
       Mace              |       |       |    16 ||    16
       Dagger            |       |       |     2 ||     2
 Fire: Hand crossbow     |       |    21 |   225 ||   246
Throw: Dart              |       |     3 |    11 ||    14
       Boomerang         |       |       |     6 ||     6
       Stone             |       |       |     1 ||     1
Evoke: Wand              |       |       |     3 ||     3
  Use: Potion            |     1 |       |     4 ||     5
       Scroll            |       |     1 |       ||     1
Armor: Scale mail        |     5 |       |       ||     5
       Ring mail         |    16 |    63 |    73 ||   152
       Chain mail        |       |       |    14 ||    14
Dodge: Dodged            |    24 |    35 |    96 ||   155
Block: Buckler           |    18 |    26 |   120 ||   164
       Reflection        |       |       |     8 ||     8
